 Dungeon Crawl Stone Soup version 0.29-a0-338-g1ff7896281 (webtiles) character file.

Game seed: 17712610538148147219

37 spaghetti the Sneak (level 3, 0/26 HPs)
             Began as an Octopode Delver on Apr 18, 2022.
             Slain by an orc
             ... wielding a +0 club
              (3 damage)
             ... on level 5 of the Dungeon.
             The game lasted 00:00:14 (121 turns).

spaghetti the Sneak (Octopode Delver)                Turns: 121, Time: 00:00:15

Health: 0/26       AC:  1    Str: 11    XL:     3   Next: 41%
Magic:  3/3        EV: 13    Int: 12    God:
Gold:   10         SH:  0    Dex: 15    Spells: 2/2 levels left

rFire   . . .      SeeInvis .   a - +0 short sword {short}
rCold   . . .      Faith    .   (no shield)
rNeg    . . .      Spirit   .   (helmet restricted)
rPois   .          Reflect  .   (no amulet)
rElec   .          Harm     .   (no ring)
rCorr   .          Rampage  .   (no ring)
Will    .....                   (no ring)
Stlth   +++++.....              (no ring)
HPRegen 0.08/turn               (no ring)
MPRegen 0.08/turn               (no ring)
                                (no ring)
                                (no ring)

@: no status effects
A: almost no armour, amphibious, 8 rings, camouflage 1, gelatinous body 1,
(nimble swimmer 1), tentacles
a: no special abilities


You were on level 5 of the Dungeon.
You visited 1 branch of the dungeon, and saw 1 of its levels.

You collected 10 gold pieces.


Innate Abilities, Weirdness & Mutations

You cannot wear most types of armour.
You are amphibious.
You can wear up to eight rings at the same time.
Your skin changes colour to match your surroundings (Stealth+).
Your rubbery body absorbs attacks. (AC +1, EV +1)
((You are camouflaged when in or above water. (Stealth+)))
You have tentacles for arms and can constrict up to eight enemies at once.


   Skills:
 + Level 3.3 Fighting
 - Level 2.0 Short Blades
 + Level 2.5 Dodging
 * Level 7.4 Stealth


You had 2 spell levels left.
You didn't know any spells.
Your spell library was empty.

Inventory:

Hand Weapons
 a - a +0 short sword (weapon) {short}
Wands
 f - a wand of digging (3)
Scrolls
 b - a scroll of fog
 c - a scroll of magic mapping {!r}
 d - a scroll of fear
 g - a scroll of teleportation {unknown}
 h - 3 scrolls of acquirement {unknown}
Potions
 e - a potion of haste {@q3}
 i - a potion of degeneration {unknown}

Dungeon Overview and Level Annotations

Branches:
Dungeon (5/15)
 Temple: D:4-7

Altars:

..# ..[# #.. ### #.. ...
##.##.# ..#..#
#######...#
..#.....#######. #
#.#.###o@oo..... #.
#.#.# #ooh......
#.###.#.###.........
#...................
#######..............)..
........####............
...#####................
....#....#..............
......###..###...<.


You could see a hound and 5 orcs.


Message History

🤖 Initializing magus.rc ...
Options error: Delay interrupt name "hungry" not recognised. (~/.crawlrc:4761) Options error: Bad monster_list_colour key: strict_neutral (~/.crawlrc:4776) ✅ Successfully initialized magus.rc [v1.9.6] Welcome, spaghetti the Octopode Delver.
The marvelous Orb of Zot lies far below, as if waiting for you to find it.
Press ? for a list of commands and other information.
Found 10 gold pieces and a scroll labelled KESTIM FEANAIB.
Found a stone staircase leading down.
You now have 10 gold pieces.
An adder comes into view.
An adder is nearby!
An adder is nearby!
An adder is nearby!
The adder misses you.
You hit the adder. Your grab misses the adder. The adder misses you.
You hit the adder. Your grab misses the adder. The adder bites you.
The adder misses you. 😕 HP[-3]
You take 3 damage, and now have 13/16 hp.
You are too injured to fight recklessly!
You are too injured to fight recklessly!
You are too injured to fight recklessly!
You hit the adder. Your grab misses the adder. The adder barely misses you.
You miss the adder. You grab the adder. You squeeze the adder.
You kill the adder!
You have reached level 2! 😕 HP[+4] MP[+1]
You now have 21 max hp (+5).
You regained 4 hp, and now have 17/21 hp.
Your mp is fully restored (2).
You start resting. 😎 HP[+4]
Your hp is fully restored (21).
g - a scroll labelled KESTIM FEANAIB
Found a stone staircase leading down.
An orc priest comes into view. It is wielding a +0 mace.
You see here a white potion.
An orc priest is nearby!
There is a stone staircase leading down here.
The helpless orc priest fails to defend itself.
You puncture the orc priest! You grab the orc priest.
You squeeze the orc priest.
You kill the orc priest!
Your Stealth skill increases to level 7!
You have reached level 3!
Your experience leads to an increase in your attributes!
Increase (S)trength, (I)ntelligence, or (D)exterity?
You feel agile. x2 😎 HP[+5] MP[+1]
You now have 26 max hp (+5).
Your hp is fully restored (26).
Your mp is fully restored (3).
Things that are here:
a +0 mace {mace}; an orc corpse
h - 3 scrolls labelled SUICSEPPAP
i - a white potion
Found a stone staircase leading down.
Found a stone staircase leading up.
No target in view!
An orc comes into view. It is wielding a +0 club.
The orc moves out of view.
An adder and an orc come into view.
There are monsters nearby!
There are monsters nearby!
The adder hisses angrily.
An orc comes into view. It is wielding a +0 falchion.
A hound and an orc come into view.
An orc comes into view. It is wielding a +0 falchion.
You closely miss the adder.
The orc shouts! x5
Your grab misses the adder. You squeeze the adder.
The hound barks!
The adder barely misses you.
You hit the adder. Your grab misses the adder.
The adder bites you but does no damage.
You hit the adder. Your grab misses the adder. The adder bites you.
You hit the adder. Your grab misses the adder. The adder barely misses you. x2
The orc closely misses you. 😕 HP[-1]
You take 1 damage, and now have 25/26 hp.
You miss the adder. Your grab misses the adder. The adder barely misses you.
The hound barely misses you. The orc misses you.
You barely miss the adder. You grab the adder. You constrict the adder.
The hound misses you. The adder closely misses you.
The orc hits you with a +0 club. The hound bites you. 😮 HP[-7]
You take 7 damage, and now have 18/26 hp.
MASSIVE DAMAGE!! (PAUSE)
You hit the adder.
You kill the adder!
The hound bites you.
* * * LOW HITPOINT WARNING * * *
The orc hits you with a +0 hand axe!
* * * LOW HITPOINT WARNING * * *
The orc hits you with a +0 falchion.
* * * LOW HITPOINT WARNING * * *
The orc hits you with a +0 club.
You die...

Skill      XL: |  1  2 |
---------------+-------+-----
Stealth        | 7 |  7.4
Fighting       | |  3.3
Short Blades   | |  2.0
Dodging        | |  2.5

Action                   || total
-------------------------++-------
Melee: Short sword       ||    12
       Constrict         ||     3
       Tentacles         ||     3
 Stab: Sleeping          ||     1
Armor: Skin              ||     1
Dodge: Dodged            ||    13

Levels and vault maps discovered:
D:5:      layout_rooms, minmay_misc_feat_cross, minivault_11, st_stairs_2,
          nrook_mini_vaults, uniq_crazy_yiuf_cottage

Notes
Turn   | Place    | Note
-------+----------+-------------------------------------------
     0 | D:5      | spaghetti the Octopode Delver began the quest for the Orb.
     0 | D:5      | Reached XP level 1. HP: 16/16 MP: 1/1
     0 | D:5      | magus.rc [v1.9.6]
    13 | D:5      | Reached XP level 2. HP: 17/21 MP: 2/2
    80 | D:5      | Reached skill level 7 in Stealth
    80 | D:5      | Reached XP level 3. HP: 26/26 MP: 3/3
   121 | D:5      | HP: 6/26 [orc/+0 hand axe (7)]
   121 | D:5      | Slain by an orc

Vanquished Creatures
  An orc priest (D:5)
  2 adders (D:5)
3 creatures vanquished.

Table legend:
 A = Non-vault XP
 B = Vault XP
 C = Vault XP percentage of total XP
 D = Non-vault monster count
 E = Vault monster count
 F = Vault count percentage of total count
                 A         B        C        D         E       F
            +---------+---------+-------+---------+---------+-------
      Total |      27 |      41 |  60.3 |       2 |       1 |  33.3
            +---------+---------+-------+---------+---------+-------
        D:5 |      27 |      41 |  60.3 |       2 |       1 |  33.3
            +---------+---------+-------+---------+---------+-------

Illustrated notes

Table legend:
 A = Kills in this place as a percentage of kills in entire the game.
 B = Kills by you in this place as a percentage of kills by you in the entire game.
 C = Kills by friends in this place as a percentage of kills by friends in the entire game.
 D = Other kills in this place as a percentage of other kills in the entire game.
 E = Experience gained in this place as a percentage of experience gained in the entire game.
 F = Experience gained in this place divided by the number of levels of this place that you have seen.
                   A       B       C       D       E      F
               +-------+-------+-------+-------+-------+----------------------
         Total | 100.0 | 100.0 |   N/A |   N/A | 100.0 |  68.0
       Dungeon | 100.0 | 100.0 |   N/A |   N/A | 100.0 |  68.0
               +-------+-------+-------+-------+-------+----------------------

Table legend: (Time is in decaauts)
 A = Elapsed time spent in this place.
 B = Non-inter-level travel time spent in this place.
 C = Inter-level travel time spent in this place.
 D = Time resting spent in this place.
 E = Time spent auto-exploring this place.
 F = Levels seen in this place.
 G = Mean time per level.
                   A        B        C        D        E       F      G
               +--------+--------+--------+--------+--------+-----+--------+
         Total |    121 |    121 |      0 |     45 |     43 |   1 |  121.0 |
       Dungeon |    121 |    121 |      0 |     45 |     43 |   1 |  121.0 |
               +--------+--------+--------+--------+--------+-----+--------+

Top non-repeatable levels by time:
     D:5: 121 daAuts
